 Dungeon Crawl Stone Soup version 0.26-a0-597-gb535b0901c (webtiles) character file.

Game seed: 15600534594839273062

53 Apogee the Stinger (level 3, 0/26 HPs)
             Began as a Gnoll Venom Mage on Sept 3, 2020.
             Slain by a gnoll
             ... wielding a +0 halberd
              (10 damage)
             ... on level 2 of the Dungeon.
             The game lasted 00:02:59 (1204 turns).

Apogee the Stinger (Gnoll Venom Mage)               Turns: 1204, Time: 00:02:59

Health: 0/26       AC:  3    Str: 10    XL:     3   Next: 89%
Magic:  6/9        EV: 15    Int: 18    God:
Gold:   139        SH:  0    Dex: 15    Spells: 8/12 levels left

rFire    + . .     SeeInvis .   k - +1 dagger (venom)
rCold    x . .     Faith    .   (no shield)
rNeg     . . .     Spirit   .   a - +0 robe
rPois    .         Reflect  .   (no helmet)
rElec    .         Harm     .   (no cloak)
rCorr    .                      l - +0 pair of gloves
MR       .....                  (no boots)
Stlth    +++.......             (no amulet)
HPRegen  0.08/turn              m - ring of fire
MPRegen  0.11/turn              (no ring)

@: no status effects
A: distributed training, fangs 1, strong nose
a: no special abilities


You were on level 2 of the Dungeon.
You visited 1 branch of the dungeon, and saw 2 of its levels.

You collected 139 gold pieces.

Inventory:

Hand Weapons
 h - a +0 club
   (You took it off a goblin on level 1 of the Dungeon)
 k - a +1 dagger of venom (weapon)
   (You found it on level 1 of the Dungeon)
Missiles
 b - 53 stones (quivered)
Armour
 a - a +0 robe (worn)
 l - a +0 pair of gloves (worn)
   (You found it on level 2 of the Dungeon)
Jewellery
 m - a ring of fire (left hand)
   (You found it on level 2 of the Dungeon)
Scrolls
 c - a scroll of magic mapping {unknown}
 d - a scroll of remove curse {unknown}
 g - 5 scrolls of amnesia {unknown}
 j - a scroll of noise {unknown}
 n - 2 scrolls of enchant armour {unknown}
Potions
 e - 2 potions of haste {unknown}
 f - a potion of lignification {unknown}
 i - a potion of might {unknown}


   Skills:
 + Level 1.0 Fighting
 + Level 1.0 Short Blades
 + Level 1.0 Long Blades
 + Level 1.0 Axes
 + Level 1.0 Maces & Flails
 + Level 1.0 Polearms
 + Level 1.0 Staves
 + Level 1.0 Slings
 + Level 1.0 Bows
 + Level 1.0 Crossbows
 + Level 1.0 Throwing
 + Level 1.0 Armour
 + Level 4.6 Dodging
 + Level 4.2 Stealth
 + Level 1.0 Shields
 + Level 1.0 Unarmed Combat
 + Level 5.0 Spellcasting
 + Level 0.7 Conjurations
 + Level 0.7 Hexes
 + Level 0.7 Summonings
 + Level 0.7 Necromancy
 + Level 0.7 Translocations
 + Level 2.1 Transmutations
 + Level 0.7 Fire Magic
 + Level 0.7 Ice Magic
 + Level 0.7 Air Magic
 + Level 0.7 Earth Magic
 + Level 5.4 Poison Magic
 + Level 1.0 Invocations
 + Level 1.0 Evocations


You had 8 spell levels left.
You knew the following spells:

 Your Spells              Type           Power        Failure   Level
a - Sting                 Tmut/Pois      ###.         2%          1
b - Ignite Poison         Fire/Tmut/Pois ###.....     13%         3

Your spell library contained the following spells:

 Spells                   Type           Power        Failure   Level
 Poisonous Vapours        Pois/Air       ###...       5%          2
 Olgreb's Toxic Radiance  Pois           ###.....     14%         4
 Mephitic Cloud           Conj/Pois/Air  ##......     16%         3


Dungeon Overview and Level Annotations

Branches:
Dungeon (2/15)

Altars:


Innate Abilities, Weirdness & Mutations

Your experience applies equally to all skills.
You have very sharp teeth.
Your uncanny sense of smell can sniff out nearby items.


Message History

There is an open door here.
You open the door.
There is an open door here. 2 gnolls come into view.
The gnoll shouts!
You hear a shout!
The gnoll shouts!
A gnoll comes into view. It is wielding a +0 halberd.
You can't see any susceptible monsters within range! (Use Z to cast anyway.) Unknown command.
A gnoll comes into view. It is wielding a +0 whip.
Aim: a gnoll, wielding a +0 spear The sting hits the gnoll.
The gnoll is poisoned.
Aim: a gnoll, wielding a +0 spear (heavily wounded, poisoned)
The sting hits the gnoll.
The gnoll looks even sicker.
You kill the gnoll!
Your Invocations skill increases to level 1!
Aim: a gnoll, wielding a +0 whip The sting hits the gnoll.
The gnoll is poisoned.
Aim: a gnoll, wielding a +0 whip (almost dead)
The sting hits the gnoll.
The gnoll is poisoned.
You kill the gnoll!
Your Fighting skill increases to level 1!
Your Short Blades skill increases to level 1!
Your Long Blades skill increases to level 1!
Your Axes skill increases to level 1!
Your Maces & Flails skill increases to level 1!
Your Polearms skill increases to level 1!
Your Staves skill increases to level 1!
Your Slings skill increases to level 1!
Your Bows skill increases to level 1!
Your Crossbows skill increases to level 1!
Your Throwing skill increases to level 1!
Your Armour skill increases to level 1!
Your Shields skill increases to level 1!
Your Unarmed Combat skill increases to level 1!
Your Evocations skill increases to level 1!
Unknown command.
There is an open door here.
Aim: a gnoll, wielding a +0 halberd The sting hits the gnoll.
The gnoll is poisoned.
The gnoll looks more healthy.
Aim: a gnoll, wielding a +0 halberd (heavily wounded)
The sting hits the gnoll.
The gnoll is poisoned.
The gnoll hits you from afar with a +0 halberd!
Ouch! That really hurt!
* * * LOW HITPOINT WARNING * * *
Aim: a gnoll, wielding a +0 halberd (severely wounded, poisoned)
The sting hits the gnoll but does no damage.
The gnoll is poisoned.
The gnoll hits you from afar with a +0 halberd!
You die...

#............ +.<.....# #.
#......###### ######......##.#.
###........#####..............#.#
................................>
..............................#..
.#########.#####g####...#####.#..
.# #.# #g# #.......#.#.. ##
##g### #.# #.......#.... #....#
#@# #.........#.. #....# #.#
#.#.......... #.)..# #.#
#.#.......... #####....# #.#
#.##.####.... #####......### #.#
#..... #.... ...##........###.#
#####.# #...#
...++..........#.###### #...#
...##.....##.#g#......# #.#.#
#'##.........#.######.# #.#.#


You could see 2 gnolls.

Vanquished Creatures
  2 gnolls (D:2)
  3 dart slugs (D:1)
  4 bats (D:1)
  2 giant cockroaches (D:1)
  2 goblins
  6 hobgoblins
  3 kobolds (D:1)
  5 frilled lizards
  2 rats
29 creatures vanquished.

Notes
Turn   | Place    | Note
-------+----------+-------------------------------------------
     0 | D:1      | Apogee the Gnoll Venom Mage began the quest for the Orb.
     0 | D:1      | Reached XP level 1. HP: 13/13 MP: 6/6
   139 | D:1      | Reached XP level 2. HP: 14/19 MP: 4/7
   670 | D:1      | Reached XP level 3. HP: 25/25 MP: 2/9
   704 | D:1      | Reached skill level 5 in Spellcasting
  1065 | D:2      | Learned a level 3 spell: Ignite Poison
  1175 | D:2      | Reached skill level 1 in Invocations
  1189 | D:2      | Reached skill level 1 in Fighting
  1189 | D:2      | Reached skill level 1 in Short Blades
  1189 | D:2      | Reached skill level 1 in Long Blades
  1189 | D:2      | Reached skill level 1 in Axes
  1189 | D:2      | Reached skill level 1 in Maces & Flails
  1189 | D:2      | Reached skill level 1 in Polearms
  1189 | D:2      | Reached skill level 1 in Staves
  1189 | D:2      | Reached skill level 1 in Slings
  1189 | D:2      | Reached skill level 1 in Bows
  1189 | D:2      | Reached skill level 1 in Crossbows
  1189 | D:2      | Reached skill level 1 in Throwing
  1189 | D:2      | Reached skill level 1 in Armour
  1189 | D:2      | Reached skill level 1 in Shields
  1189 | D:2      | Reached skill level 1 in Unarmed Combat
  1189 | D:2      | Reached skill level 1 in Evocations
  1204 | D:2      | Slain by a gnoll

Illustrated notes

Levels and vault maps discovered:
D:1:      saegor_arrival_simple_c, layout_rooms, minmay_bisected
D:2:      layout_basic, led_sif_pool, zin_treasury, bloody_trog

Skill      XL: |  1  2  3 |
---------------+----------+-----
Transmutations | 2 |  2.1
Spellcasting   | 5 |  5.0
Invocations    | 1 |  1.0
Fighting       | 1 |  1.0
Short Blades   | 1 |  1.0
Long Blades    | 1 |  1.0
Axes           | 1 |  1.0
Maces & Flails | 1 |  1.0
Polearms       | 1 |  1.0
Staves         | 1 |  1.0
Slings         | 1 |  1.0
Bows           | 1 |  1.0
Crossbows      | 1 |  1.0
Throwing       | 1 |  1.0
Armour         | 1 |  1.0
Shields        | 1 |  1.0
Unarmed Combat | 1 |  1.0
Evocations     | 1 |  1.0
Dodging        | |  4.6
Stealth        | |  4.2
Conjurations   | |  0.7
Hexes          | |  0.7
Summonings     | |  0.7
Necromancy     | |  0.7
Translocations | |  0.7
Fire Magic     | |  0.7
Ice Magic      | |  0.7
Air Magic      | |  0.7
Earth Magic    | |  0.7
Poison Magic   | |  5.4

Action                   || total
-------------------------++-------
Melee: Club              ||     3
       Unarmed           ||     2
       Dagger            ||    10
       Bite              ||     3
 Cast: Sting             ||    38
 Stab: Sleeping          ||     1
Armor: Robe              ||     5
Dodge: Dodged            ||     6

Table legend: (Time is in decaauts)
 A = Elapsed time spent in this place.
 B = Non-inter-level travel time spent in this place.
 C = Inter-level travel time spent in this place.
 D = Time resting spent in this place.
 E = Time spent auto-exploring this place.
 F = Levels seen in this place.
 G = Mean time per level.
                   A        B        C        D        E       F      G
               +--------+--------+--------+--------+--------+-----+--------+
         Total |   1202 |   1148 |     54 |     32 |    884 |   2 |  601.0 |
       Dungeon |   1202 |   1148 |     54 |     32 |    884 |   2 |  601.0 |
               +--------+--------+--------+--------+--------+-----+--------+

Top non-repeatable levels by time:
     D:1: 929 daAuts
     D:2: 272 daAuts
